[Event "Titled Tuesday Blitz August 10 2021"]
[White "Rastbod, Ali"]
[Black "Gupta, Abhijeet"]
[WhiteFideId "12567477"]
[BlackFideId "5010608"]
[WhiteElo "2226"]
[BlackElo "2549"]
[Result "1/2-1/2"]
[Round "09"]
[TimeControl "180+1"]
[Date "2021.08.10"]
[WhiteClock "0:00:11"]
[BlackClock "0:00:18"]

1. e4 c5 2. c3 d5 3. exd5 Qxd5 4. d4 Nc6 5. Nf3 Bf5 6. Be2 e6 7. Na3 O-O-O 8. Nc2 cxd4 9. Ncxd4 Nxd4 10. cxd4 Bb4+ 11. Bd2 Bxd2+ 12. Qxd2 Kb8 13. O-O Nf6 14. Rac1 Bg6 15. Bc4 Qd6 16. Rfd1 Bh5 17. Be2 Bxf3 18. Bxf3 Rc8 19. Rc3 Rhd8 20. Rb3 b6 21. a4 Rc4 22. a5 Rxd4 23. Qxd4 Qxd4 24. Rxd4 Rxd4 25. axb6 a5 26. Rb5 a4 27. Ra5 Nd5 28. Ra7 e5 29. h3 e4 30. Bg4 Rb4 31. Rxf7 Rxb2 32. Be6 Nxb6 33. Rxg7 a3 34. Rxh7 Rc2 35. Rh4 Nc4 36. Rh8+ Ka7 37. Bd5 Nb6 38. Be6 Rc6 39. Bf7 Rc7 40. Bb3 Rc3 41. Rh7+ Ka6 42. Bg8 Nc4 43. Rh6+ Ka5 44. Rh7 Kb6 45. Rh6+ Kc5 46. Rh7 Kb6 47. Rh6+ Ka7 48. Rh7+ Kb8 49. Rh6 a2 50. Ra6 Ra3 51. Rxa3 Nxa3 52. Bxa2 Kc7 53. Bb3 Kd6 54. h4 Ke5 55. g3 Nb5 56. Kg2 Nd4 57. Bd1 Nf5 58. Be2 Nd4 59. Bg4 Kf6 60. Bd1 Ke5 61. Kf1 Nf5 62. Ke1 e3 63. Bc2 exf2+ 64. Kxf2 Nxg3 65. Kxg3 Kf6 66. Kf4 Kg7 67. Kg5 Kh8 68. h5 Kg7 69. h6+ Kh8 70. h7 Kg7 71. h8=Q+ Kxh8 1/2-1/2


[Site "https://www.chess.com"]

[Event "Titled Tuesday Blitz August 10 2021"]
[White "Remizov, Yaroslav"]
[Black "Kozionov, Kirill"]
[WhiteFideId "34134015"]
[BlackFideId "24101729"]
[WhiteElo "2339"]
[BlackElo "2501"]
[Result "1-0"]
[Round "09"]
[TimeControl "180+1"]
[Date "2021.08.10"]
[WhiteClock "0:00:06"]
[BlackClock "0:00:02"]

1. e4 c5 2. Nf3 d6 3. d4 cxd4 4. Nxd4 Nf6 5. Nc3 a6 6. Be3 e5 7. Nb3 Be6 8. f3 h5 9. Qd2 Nbd7 10. O-O-O Be7 11. Nd5 Bxd5 12. exd5 b6 13. Kb1 Nc5 14. Nxc5 bxc5 15. Bxc5 dxc5 16. d6 O-O 17. dxe7 Qxe7 18. Bc4 Rfd8 19. Qe3 Rd4 20. Rxd4 cxd4 21. Qd3 a5 22. a3 Qc5 23. Re1 Rc8 24. Ba2 a4 25. Qf5 Re8 26. g4 hxg4 27. fxg4 Re7 28. g5 Nd5 29. g6 Nf6 30. gxf7+ Kf8 31. Qh3 Rxf7 32. Bxf7 Kxf7 33. Qf5 Qd6 34. Qxe5 Qd7 35. Rd1 Qh3 36. Qxd4 Kg8 37. Qc4+ Kh7 38. Qxa4 Qxh2 39. Qd4 Qh5 40. a4 Kg8 41. Qd3 Qe5 42. b4 Kf7 43. a5 Qf4 44. c3 Ne4 45. Kc2 Nf2 46. Qd7+ Kg8 47. Qe8+ Kh7 48. Rd2 Qf5+ 49. Kb2 Ne4 50. Rh2+ Qh5 51. Rxh5# 1-0


[Site "https://www.chess.com"]

[Event "Titled Tuesday Blitz August 10 2021"]
[White "Shyaamnikhil P"]
[Black "Siva Mahadevan"]
[WhiteFideId "5024218"]
[BlackFideId "25043153"]
[WhiteElo "2300"]
[BlackElo "2203"]
[Result "0-1"]
[Round "09"]
[TimeControl "180+1"]
[Date "2021.08.10"]
[WhiteClock "0:00:10"]
[BlackClock "0:00:26"]

1. e3 Nf6 2. g4 d5 3. g5 Ne4 4. h4 h6 5. d3 Nd6 6. Bg2 c6 7. e4 hxg5 8. hxg5 Rxh1 9. Bxh1 dxe4 10. dxe4 Nd7 11. Nc3 e5 12. Be3 Nc4 13. Bc1 Qb6 14. b3 Bc5 15. Qf3 Nd6 16. Nge2 Qc7 17. Be3 Ba3 18. Qg3 Qa5 19. Bd2 Qa6 20. Rd1 Bb4 21. Na4 Bxd2+ 22. Rxd2 Qa5 23. Qd3 Nb5 24. g6 fxg6 25. c4 Nc7 26. Qd6 Kf7 27. f4 Ne8 28. Qd3 exf4 29. Nxf4 Ne5 30. Qg3 Nf6 31. Kd1 Bg4+ 32. Kc1 b5 33. Nc5 bxc4 34. Nfe6 c3 35. Rd4 Qa3+ 36. Kc2 Qb2# 0-1


[Site "https://www.chess.com"]

[Event "Titled Tuesday Blitz August 10 2021"]
[White "Sychev, Klementy"]
[Black "Abdurakhmonov, Mukhammadali"]
[WhiteFideId "4114060"]
[BlackFideId "14207346"]
[WhiteElo "2615"]
[BlackElo "2266"]
[Result "0-1"]
[Round "09"]
[TimeControl "180+1"]
[Date "2021.08.10"]
[WhiteClock "0:01:16"]
[BlackClock "0:00:46"]

1. e4 e5 2. Nf3 Nc6 3. Nc3 Nf6 4. d4 exd4 5. Nd5 Nxd5 6. exd5 Bb4+ 7. Bd2 Qe7+ 8. Qe2 Bxd2+ 9. Kxd2 Qxe2+ 10. Bxe2 Ne7 11. d6 cxd6 12. Nxd4 a6 13. Rhe1 Kd8 14. Bf3 g6 15. Rad1 Nc6 16. Kc3 Kc7 17. g3 Rf8 18. Ne2 Re8 19. Nf4 Re5 20. Nd5+ Kd8 21. Nb6 Rb8 22. Nc4 Rc5 23. b4 Rxc4+ 24. Kxc4 Ne5+ 25. Rxe5 dxe5 26. Rd5 b5+ 27. Kc5 Bb7 28. Rd3 e4 0-1


[Site "https://www.chess.com"]

[Event "Titled Tuesday Blitz August 10 2021"]
[White "Terry, Renato"]
[Black "Khanin, Semen"]
[WhiteFideId "3803457"]
[BlackFideId "4111990"]
[WhiteElo "2581"]
[BlackElo "2521"]
[Result "1-0"]
[Round "09"]
[TimeControl "180+1"]
[Date "2021.08.10"]
[WhiteClock "0:00:31"]
[BlackClock "0:00:42"]

1. d4 Nf6 2. Bg5 g6 3. Nc3 d5 4. Qd2 h6 5. Bf4 c6 6. f3 Bg7 7. e4 Nh5 8. Be3 dxe4 9. fxe4 e5 10. d5 Nf6 11. O-O-O cxd5 12. exd5 Ng4 13. Bc5 Nd7 14. Ba3 Bf8 15. Bxf8 Kxf8 16. Nf3 Kg7 17. Bb5 a6 18. Bxd7 Bxd7 19. h3 Nf6 20. Nxe5 Qb6 21. Rhf1 Rhe8 22. Rxf6 Qxf6 23. Nxd7 Qh4 24. Nc5 b6 25. Nb3 Rad8 26. Qd4+ Qxd4 27. Nxd4 Rd6 28. a4 Re3 29. Nf3 f5 30. Kd2 Re8 31. Nd4 Kf6 32. Kd3 Re5 33. b4 g5 34. g4 fxg4 35. hxg4 Kg6 36. Rf1 Rd8 37. Nc6 Rexd5+ 38. Nxd5 Rxd5+ 39. Ke3 h5 40. Ne7+ 1-0


[Site "https://www.chess.com"]

[Event "Titled Tuesday Blitz August 10 2021"]
[White "Tica, Sven"]
[Black "Wagner, Dennis"]
[WhiteFideId "14526948"]
[BlackFideId "24650684"]
[WhiteElo "2391"]
[BlackElo "2355"]
[Result "1/2-1/2"]
[Round "09"]
[TimeControl "180+1"]
[Date "2021.08.10"]
[WhiteClock "0:00:06"]
[BlackClock "0:00:15"]

1. d4 Nf6 2. Nc3 d5 3. Bf4 c5 4. e4 Nxe4 5. Nxe4 dxe4 6. dxc5 Qa5+ 7. c3 Qxc5 8. Qa4+ Nc6 9. Qxe4 g6 10. Be3 Qa5 11. Bc4 Bg7 12. Ne2 Ne5 13. Bb3 O-O 14. O-O Bf5 15. Qxb7 Bd3 16. Rfe1 Ba6 17. Qd5 Qxd5 18. Bxd5 Rad8 19. Be4 Nc4 20. Bxa7 Nxb2 21. Bd4 e5 22. Bc5 Rfe8 23. a4 Rd2 24. Ng3 f5 25. Bb1 e4 26. Bb4 Nd3 27. Bxd3 Bxd3 28. a5 f4 29. Nf1 Rc2 30. a6 e3 31. fxe3 Be4 32. Nd2 Rxd2 33. exf4 Rxg2+ 34. Kf1 Rxh2 35. a7 Rh4 36. Rxe4 Ra8 37. Kg2 Rg4+ 38. Kf3 h5 39. Re7 Bh6 40. Bd6 Rh4 41. Rb1 Rh3+ 42. Kg2 Rxc3 43. Rb8+ Rc8 44. Rxc8+ Rxc8 45. Bb8 Rc2+ 46. Kf3 Ra2 47. Re2 Ra3+ 48. Re3 Ra4 49. f5 gxf5 50. Re6 Bg5 51. Rg6+ Kf7 52. Rxg5 Kf6 53. Rxh5 Ra3+ 54. Kf2 Ke6 55. Rh8 Kd5 56. Rd8+ Ke4 57. Re8+ Kd5 58. Re5+ Kc6 59. Rxf5 Kb7 60. Rf8 Ra4 61. Ke2 Ra2+ 62. Kd3 Ra6 63. Kc4 Rc6+ 64. Kb5 Rb6+ 65. Kc5 Rc6+ 66. Kd5 Ra6 67. Rf7+ Ka8 68. Bd6 Rxa7 69. Rf8+ Kb7 70. Rb8+ Ka6 71. Bc5 Rb7 72. Ra8+ Kb5 73. Ra1 Rd7+ 74. Bd6 Rb7 75. Rb1+ Ka6 76. Rc1 Kb5 77. Rc5+ Kb6 78. Kc4 Ka6 79. Bc7 Rb1 80. Be5 Kb6 81. Bc3 Rh1 82. Rd5 Kc6 83. Rc5+ Kd6 84. Rd5+ Ke6 85. Re5+ Kd6 86. Re1 Rxe1 87. Bxe1 1/2-1/2


[Site "https://www.chess.com"]

[Event "Titled Tuesday Blitz August 10 2021"]
[White "Tristan, Leonardo"]
[Black "Lintchevski, Daniil"]
[WhiteFideId "113816"]
[BlackFideId "4171055"]
[WhiteElo "2404"]
[BlackElo "2494"]
[Result "0-1"]
[Round "09"]
[TimeControl "180+1"]
[Date "2021.08.10"]
[WhiteClock "0:00:06"]
[BlackClock "0:01:17"]

1. d4 d5 2. Bf4 c5 3. e3 Nc6 4. Nf3 Nf6 5. Nbd2 Bf5 6. dxc5 e6 7. Nd4 Bxc5 8. Nxf5 exf5 9. c3 O-O 10. Be2 Qe7 11. O-O Rad8 12. Qb3 Bb6 13. Rfd1 h6 14. h3 g5 15. Bh2 f4 16. Nf1 fxe3 17. fxe3 Bxe3+ 18. Kh1 Ne4 19. Nxe3 Nf2+ 20. Kg1 Qxe3 21. Re1 Nxh3+ 22. Kh1 Nf2+ 23. Kg1 Nd3+ 24. Kh1 Nxe1 25. Rxe1 Qf2 26. Qd1 Rfe8 27. Bg1 Qh4+ 28. Bh2 d4 29. g3 Qe4+ 30. Kg1 d3 0-1


[Site "https://www.chess.com"]

[Event "Titled Tuesday Blitz August 10 2021"]
[White "Vokhidov, Shamsiddin"]
[Black "Vlassov, Nikolai"]
[WhiteFideId "14204223"]
[BlackFideId "4103360"]
[WhiteElo "2572"]
[BlackElo "2407"]
[Result "1-0"]
[Round "09"]
[TimeControl "180+1"]
[Date "2021.08.10"]
[WhiteClock "0:00:54"]
[BlackClock "0:00:11"]

1. e4 Nc6 2. Nf3 d5 3. exd5 Qxd5 4. Nc3 Qa5 5. d4 Bg4 6. Bb5 O-O-O 7. Bxc6 bxc6 8. h3 Qh5 9. Qd3 Bxf3 10. gxf3 e5 11. d5 Ne7 12. Qa6+ Kd7 13. dxc6+ Nxc6 14. Qd3+ Bd6 15. Rg1 Nd4 16. Rg3 Rhe8 17. Ne4 Ke7 18. c3 Ne6 19. Be3 Kf8 20. O-O-O Be7 21. Qc4 Rxd1+ 22. Kxd1 f5 23. Qxe6 fxe4 24. Kc1 exf3 25. Qd5 Bd6 26. Bg5 Rb8 27. Rxf3+ Ke8 28. Qe6+ 1-0


[Site "https://www.chess.com"]

[Event "Titled Tuesday Blitz August 10 2021"]
[White "Yoo, Christopher Woojin"]
[Black "Sevian, Samuel"]
[WhiteFideId "30909694"]
[BlackFideId "2040506"]
[WhiteElo "2105"]
[BlackElo "2993"]
[Result "0-1"]
[Round "09"]
[TimeControl "180+1"]
[Date "2021.08.10"]
[WhiteClock "0:00:02"]
[BlackClock "0:00:16"]

1. e4 e5 2. Nf3 Nf6 3. Nc3 Nc6 4. Bb5 Nd4 5. O-O Bc5 6. Nxe5 c6 7. Bc4 O-O 8. Nxf7 Rxf7 9. Bxf7+ Kxf7 10. d3 d6 11. h3 Kg8 12. Be3 Bb6 13. Ne2 Ne6 14. Bxb6 Qxb6 15. b3 d5 16. Ng3 Nf4 17. Qd2 Ng6 18. Rae1 dxe4 19. dxe4 Be6 20. e5 Rd8 21. Qg5 Nd5 22. Ne4 Rf8 23. c4 Ndf4 24. Qg3 h6 25. Qe3 Qc7 26. Nc5 Qe7 27. Nxe6 Qxe6 28. Qg3 Rf5 29. h4 Kh7 30. Re4 Qf7 31. Rfe1 Ne6 32. f3 Ngf4 33. Qg4 Nd3 34. R1e3 Ndf4 35. Qg3 Qd7 36. Re1 Qd2 37. Kh2 Rh5 38. Qg4 Rxh4+ 0-1


[Site "https://www.chess.com"]

[Event "Titled Tuesday Blitz August 10 2021"]
[White "Bluebaum, Matthias"]
[Black "Ibrahimli, Murad"]
[WhiteFideId "24651516"]
[BlackFideId "13410229"]
[WhiteElo "2685"]
[BlackElo "2109"]
[Result "0-1"]
[Round "10"]
[TimeControl "180+1"]
[Date "2021.08.10"]
[WhiteClock "0:00:12"]
[BlackClock "0:00:06"]

1. d4 Nf6 2. c4 e6 3. Nc3 Bb4 4. e3 b6 5. Bd2 Bb7 6. Nf3 O-O 7. Bd3 Bxc3 8. Bxc3 Be4 9. d5 Bxd3 10. Qxd3 Qe7 11. Nd4 Na6 12. dxe6 fxe6 13. f3 Nc5 14. Qc2 a5 15. b3 g6 16. O-O e5 17. Ne2 d5 18. cxd5 Nxd5 19. Bd2 e4 20. Qc4 Rad8 21. Nc3 c6 22. Nxe4 Nxe4 23. fxe4 b5 24. Qc2 Nf6 25. Bxa5 Ra8 26. Bb6 Qxe4 27. Qxe4 Nxe4 28. Rxf8+ Kxf8 29. a4 Nd2 30. Ra3 Nb1 31. Ra2 Nc3 32. Rf2+ Ke7 33. a5 Nd5 34. Bc5+ Ke6 35. b4 Nc7 36. e4 Na6 37. Bd4 Nxb4 38. Rf6+ Ke7 39. e5 Nd5 40. Bc5+ Kd7 41. e6+ Kc7 42. Rf7+ Kc8 43. e7 Nc7 44. Bb6 Ne8 45. Rxh7 Kd7 46. Bd8 c5 47. h4 b4 48. h5 b3 49. hxg6 b2 50. Rh3 b1=Q+ 51. Kh2 Qxg6 52. Rg3 Qd6 53. Kh3 Rxa5 54. Bxa5 Kxe7 55. Bc3 Qd7+ 56. Kh2 Kd8 57. Re3 Qh7+ 58. Kg1 Nd6 59. Bf6+ Kd7 60. Rg3 Qf5 61. Bh4 Ne4 62. Rg7+ Kc6 63. Be1 Qe5 64. Rg6+ Kb5 65. Bh4 Qd4+ 66. Kh2 c4 67. Rg8 c3 68. Rb8+ Kc4 69. Rc8+ Kb3 70. Rb8+ Kc2 71. Rc8 Nd2 72. Bg3 Qf6 73. Kh3 Qf5+ 74. Kh4 Qxc8 75. Bf4 Ne4 76. Bd2 Qf5 77. g3 cxd2 78. g4 Qf2+ 79. Kh3 Qg3# 0-1


[Site "https://www.chess.com"]

[Event "Titled Tuesday Blitz August 10 2021"]
[White "Bok, Benjamin"]
[Black "Ivanchuk, Vasyl"]
[WhiteFideId "1017063"]
[BlackFideId "14100010"]
[WhiteElo "2658"]
[BlackElo "2710"]
[Result "1-0"]
[Round "10"]
[TimeControl "180+1"]
[Date "2021.08.10"]
[WhiteClock "0:00:01"]
[BlackClock "0:00:01"]

1. Nf3 Nf6 2. c4 c5 3. Nc3 d5 4. cxd5 Nxd5 5. e3 e6 6. Nxd5 exd5 7. b4 c4 8. Bb2 f6 9. a3 Nc6 10. b5 Na5 11. d3 Be6 12. Nd4 Bf7 13. Qa4 Bc5 14. b6+ Nc6 15. Nxc6 Qd7 16. dxc4 O-O 17. cxd5 axb6 18. Qh4 bxc6 19. Bd3 Bg6 20. Bxg6 hxg6 21. dxc6 Qd3 22. Qg4 Rfc8 23. Rd1 Qb3 24. Qe2 Rxc6 25. Rd3 Qe6 26. O-O Rd6 27. Rfd1 Rxd3 28. Qxd3 g5 29. h3 Kf7 30. Qb5 Ra5 31. Qd3 Ra7 32. Rd2 Ra5 33. Qd8 Ra7 34. Qb8 Re7 35. Qa8 1-0


[Site "https://www.chess.com"]

[Event "Titled Tuesday Blitz August 10 2021"]
[White "Bologan, Victor"]
[Black "Indjic, Aleksandar"]
[WhiteFideId "13900048"]
[BlackFideId "911925"]
[WhiteElo "2511"]
[BlackElo "2643"]
[Result "0-1"]
[Round "10"]
[TimeControl "180+1"]
[Date "2021.08.10"]
[WhiteClock "0:00:01"]
[BlackClock "0:00:18"]

1. e4 c5 2. Nf3 d6 3. d4 cxd4 4. Nxd4 Nf6 5. Nc3 a6 6. Be3 e5 7. Nf3 Be7 8. Bc4 Be6 9. Bxe6 fxe6 10. Ng5 Qd7 11. Qf3 Nc6 12. Qh3 h6 13. Na4 Bd8 14. Nxe6 Ba5+ 15. c3 Kf7 16. b4 Nxb4 17. cxb4 Bxb4+ 18. Kf1 Qxa4 19. Nc7 Rad8 20. Qe6+ Kf8 21. Qc4 Rc8 22. a3 Qa5 23. Ne6+ Ke7 24. Qxb4 Qxb4 25. axb4 Kxe6 26. f3 Rc3 27. Kf2 Rc2+ 28. Kg3 Rhc8 29. Rhd1 R8c3 30. Re1 Rb3 31. Rab1 Rbb2 32. Rxb2 Rxb2 33. Rc1 Rxb4 34. Rc7 g5 35. h4 gxh4+ 36. Kxh4 Nxe4 37. Bxh6 Nf6+ 38. g4 a5 39. Bg5 a4 0-1


[Site "https://www.chess.com"]

[Event "Titled Tuesday Blitz August 10 2021"]
[White "Bortnyk, Olexandr"]
[Black "Nakamura, Hikaru"]
[WhiteFideId "14120828"]
[BlackFideId "2016192"]
[WhiteElo "2723"]
[BlackElo "2900"]
[Result "1/2-1/2"]
[Round "10"]
[TimeControl "180+1"]
[Date "2021.08.10"]
[WhiteClock "0:00:04"]
[BlackClock "0:00:11"]

1. e4 c5 2. Nf3 d6 3. c3 Nf6 4. h3 Nc6 5. Bd3 d5 6. e5 c4 7. Bc2 Nd7 8. Ba4 Qc7 9. Qe2 Nc5 10. Bc2 g6 11. O-O Bg7 12. Re1 Bf5 13. Bxf5 gxf5 14. d4 cxd3 15. Qe3 Ne4 16. Qxd3 e6 17. Bf4 Rg8 18. Re2 O-O-O 19. Na3 a6 20. Qe3 Bf8 21. Nc2 Bc5 22. Ncd4 Kb8 23. a4 Ne7 24. b4 Ba7 25. b5 a5 26. b6 Qxb6 27. Qc1 Rc8 28. Nb5 Qa6 29. Be3 Bxe3 30. Qxe3 Rc4 31. Nd2 Nxd2 32. Rxd2 Nc8 33. Rb2 f4 34. Qd3 Qc6 35. Qxh7 Qe8 36. Rab1 f3 37. g3 Rh8 38. Qd3 Rc6 39. Nd6 Nxd6 40. exd6 Qd7 41. Rxb7+ Qxb7 42. Rxb7+ Kxb7 43. Qb5+ Rb6 44. Qd7+ Ka6 45. Qxf7 Rxd6 46. Qxf3 Rxh3 47. Qd3+ Kb6 48. Qb5+ Kc7 49. Qxa5+ Rb6 50. Qa7+ Rb7 51. Qc5+ Kd7 52. a5 Rh8 53. a6 Rc7 54. Qb5+ Kd6 55. Qb6+ Kd7 56. g4 Ra8 57. g5 Rca7 58. g6 Ke7 59. Qd4 Rxa6 60. Qg7+ Kd6 61. Qf6 Rg8 62. Qf7 Raa8 63. g7 Rac8 64. Kf1 Rgd8 65. Ke2 e5 66. Qf6+ Kc5 67. Kd2 Re8 68. Qf7 Kd6 69. f3 Ra8 70. Qf6+ Kd7 71. Qf7+ Kd6 72. Kd3 Rac8 73. Qf6+ Kd7 74. Qf7+ Kd6 75. Kd2 Ra8 1/2-1/2


[Site "https://www.chess.com"]

[Event "Titled Tuesday Blitz August 10 2021"]
[White "Chirila, Ioan-Cristian"]
[Black "Murzin, Volodar"]
[WhiteFideId "1211668"]
[BlackFideId "44155573"]
[WhiteElo "2445"]
[BlackElo "2541"]
[Result "1-0"]
[Round "10"]
[TimeControl "180+1"]
[Date "2021.08.10"]
[WhiteClock "0:01:06"]
[BlackClock "0:00:04"]

1. d4 d5 2. c4 c6 3. cxd5 cxd5 4. Nc3 e6 5. Bf4 Bd6 6. Bxd6 Qxd6 7. e3 Ne7 8. f4 Nbc6 9. Nf3 f6 10. Bd3 Bd7 11. O-O O-O 12. Rc1 Be8 13. Qb3 b6 14. a3 Bg6 15. Ba6 Na5 16. Qa4 Be8 17. Qc2 Bc6 18. Qe2 Nb3 19. Rc2 Qd7 20. Nd2 Nxd2 21. Qxd2 Nf5 22. Rfc1 Nd6 23. Qe2 Rab8 24. Na2 Bb5 25. Bxb5 Nxb5 26. Nb4 1-0


[Site "https://www.chess.com"]

[Event "Titled Tuesday Blitz August 10 2021"]
[White "Dang, Hoang Son"]
[Black "Vokhidov, Shamsiddin"]
[WhiteFideId "12402435"]
[BlackFideId "14204223"]
[WhiteElo "2248"]
[BlackElo "2572"]
[Result "1-0"]
[Round "10"]
[TimeControl "180+1"]
[Date "2021.08.10"]
[WhiteClock "0:00:54"]
[BlackClock "0:01:15"]

1. d4 Nf6 2. c3 d5 3. Nf3 g6 4. g3 Bg7 5. Bg2 O-O 6. O-O b6 7. a4 Bb7 8. a5 c5 9. Ne5 Nfd7 10. f3 Nxe5 11. dxe5 Bxe5 12. f4 Bg7 13. c4 e6 14. Nc3 Qd7 15. cxd5 Bd4+ 16. e3 Bxc3 17. bxc3 Bxd5 18. e4 Bc4 19. Re1 Qxd1 20. Rxd1 Nc6 21. e5 Bd5 22. Bxd5 exd5 23. axb6 axb6 24. Rb1 Rfb8 25. Rxd5 Na5 26. f5 Nc4 27. e6 fxe6 28. fxe6 Re8 29. Bh6 Ra7 30. Rf1 Na5 31. Rd7 Nc6 32. Rdf7 Raa8 33. Rg7+ Kh8 34. Rff7 Ne5 35. Rxh7+ Kg8 36. Rfg7+ Kf8 37. Rh8# 1-0


[Site "https://www.chess.com"]

[Event "Titled Tuesday Blitz August 10 2021"]
[White "Demidov, Mikhail"]
[Black "Terry, Renato"]
[WhiteFideId "4197143"]
[BlackFideId "3803457"]
[WhiteElo "2559"]
[BlackElo "2581"]
[Result "1/2-1/2"]
[Round "10"]
[TimeControl "180+1"]
[Date "2021.08.10"]
[WhiteClock "0:00:40"]
[BlackClock "0:00:21"]

1. Nf3 Nf6 2. g3 d5 3. Bg2 c6 4. O-O Bg4 5. Ne5 Bh5 6. d4 Nbd7 7. c4 e6 8. Nc3 Be7 9. Qb3 Qb6 10. Nxd7 Nxd7 11. e4 dxe4 12. Nxe4 O-O 13. Be3 Qxb3 14. axb3 a6 15. h3 Nf6 16. Nc5 Bxc5 17. dxc5 Rad8 18. b4 Be2 19. Rfc1 e5 20. g4 Rd7 21. b3 Rfd8 22. Re1 Bd1 23. b5 axb5 24. cxb5 Bxb3 25. bxc6 bxc6 26. Bxc6 Rc7 27. Bg2 Bd5 28. Red1 Rcc8 29. Bf1 Ne4 30. Rac1 Bc6 31. Rxd8+ Rxd8 32. Bg2 Rc8 33. Rb1 g6 34. Rb6 f5 35. f4 exf4 36. Bxf4 Kf7 37. Rb8 Rxb8 38. Bxb8 Ke6 39. gxf5+ gxf5 1/2-1/2


[Site "https://www.chess.com"]

[Event "Titled Tuesday Blitz August 10 2021"]
[White "Gupta, Abhijeet"]
[Black "Kezin, Roman"]
[WhiteFideId "5010608"]
[BlackFideId "24124621"]
[WhiteElo "2549"]
[BlackElo "2570"]
[Result "0-1"]
[Round "10"]
[TimeControl "180+1"]
[Date "2021.08.10"]
[WhiteClock "0:00:04"]
[BlackClock "0:00:05"]

1. d4 d5 2. c4 e6 3. Nc3 c6 4. Nf3 Nf6 5. g3 dxc4 6. Bg2 b5 7. Ne5 Nd5 8. O-O Bb7 9. a4 a6 10. Ne4 Nd7 11. Nxf7 Kxf7 12. Ng5+ Ke7 13. e4 Nc7 14. b3 cxb3 15. Qf3 Qe8 16. Ba3+ Kd8 17. Nf7+ Kc8 18. Nxh8 Bxa3 19. Rxa3 Qxh8 20. Rxb3 Qf8 21. Qh5 Nf6 22. Qh3 Kb8 23. Rc1 Ka7 24. Qh4 bxa4 25. Rbb1 Nb5 26. Bf1 Rd8 27. d5 exd5 28. exd5 Nxd5 29. Qxa4 Ndc3 30. Rxc3 Nxc3 31. Rxb7+ Kxb7 32. Qxa6+ Kc7 33. Qa5+ Kd6 34. Qxc3 Qf6 35. Qd3+ Ke7 36. Qxh7 Rd2 37. Qe4+ Kd8 38. Qe3 Qd4 39. Qf3 c5 40. Qf8+ Kc7 41. Qf7+ Kb6 42. Qb3+ Kc7 43. Qf7+ Qd7 44. Qf4+ Qd6 45. Qf7+ Qd7 46. Qf8 Qd4 47. h4 Kb6 48. Qb8+ Kc6 49. Bb5+ Kd5 50. Qd8+ Ke4 51. Qe7+ Qe5 52. Qb7+ Kd4 53. Bf1 Kc3 54. Qa7 Qd4 55. Qa1+ Rb2 56. Qa3+ Kc2 57. Qf3 c4 58. Qe2+ Kb3 59. Qf3+ c3 60. Qf7+ Ka3 61. Qf8+ Ka2 62. Qf7+ Kb1 63. Qf5+ c2 64. Bd3 Kc1 65. Kg2 Kd2 66. Bxc2 Rxc2 67. Kh3 Kc3 68. f3 Rf2 69. f4 Kd2 70. Kg4 Ke3 71. h5 Rg2 72. Qe6+ Kf2 73. Kg5 Rxg3+ 74. Kf5 Qd3+ 75. Qe4 Qxe4+ 76. Kxe4 Kg2 77. Kf5 Kh3 78. Ke6 Kh4 79. f5 Kxh5 0-1


[Site "https://www.chess.com"]

[Event "Titled Tuesday Blitz August 10 2021"]
[White "Jobava, Baadur"]
[Black "Rastbod, Ali"]
[WhiteFideId "13601520"]
[BlackFideId "12567477"]
[WhiteElo "2748"]
[BlackElo "2226"]
[Result "0-1"]
[Round "10"]
[TimeControl "180+1"]
[Date "2021.08.10"]
[WhiteClock "0:00:18"]
[BlackClock "0:00:09"]

1. e4 c5 2. c4 Nc6 3. Ne2 e5 4. Nbc3 d6 5. g3 f5 6. Bg2 Nf6 7. d3 Be7 8. O-O O-O 9. h3 Rb8 10. Kh2 a6 11. Be3 fxe4 12. Nxe4 Nxe4 13. Bxe4 Bf5 14. Bxf5 Rxf5 15. g4 Rf7 16. Ng3 Bg5 17. Ne4 Bf4+ 18. Kg2 Qd7 19. a3 Rbf8 20. Qe2 b6 21. b4 Nd4 22. Bxd4 exd4 23. Rae1 Qa4 24. Qb2 Qc6 25. Kg1 h5 26. gxh5 Rf5 27. bxc5 dxc5 28. f3 Rxh5 29. Qg2 Qh6 30. Kf2 Rxh3 31. Rh1 Rh4 32. Ke2 Bb8 33. Rxh4 Qxh4 34. Rh1 Qf4 35. Qf2 b5 36. cxb5 axb5 37. Nxc5 Rc8 38. Rh5 Bd6 39. Kf1 Rxc5 40. Qa2+ Kf8 41. Rh8+ Ke7 42. Qe2+ Be5 43. Qf2 Rc1+ 44. Kg2 Qg5+ 45. Qg3 Qxg3# 0-1


[Site "https://www.chess.com"]

[Event "Titled Tuesday Blitz August 10 2021"]
[White "Kollars, Dmitrij"]
[Black "Petriashvili, Nikoloz"]
[WhiteFideId "12909572"]
[BlackFideId "13611216"]
[WhiteElo "2576"]
[BlackElo "2430"]
[Result "0-1"]
[Round "10"]
[TimeControl "180+1"]
[Date "2021.08.10"]
[WhiteClock "0:00:01"]
[BlackClock "0:00:19"]

1. e4 c5 2. Nf3 Nc6 3. Bb5 g6 4. O-O Bg7 5. c3 Nf6 6. Re1 O-O 7. d4 cxd4 8. cxd4 d5 9. e5 Ne4 10. Nc3 Nxc3 11. bxc3 Bg4 12. h3 Bxf3 13. Qxf3 e6 14. h4 Rc8 15. h5 a6 16. Bf1 b5 17. h6 Bh8 18. a4 Rb8 19. axb5 axb5 20. Be3 b4 21. c4 Ne7 22. c5 Nf5 23. Reb1 f6 24. exf6 Qxf6 25. Rd1 b3 26. Rab1 Rb4 27. c6 Nxd4 28. Qxf6 Bxf6 29. c7 Rc8 30. Rdc1 b2 31. Rc5 Rb7 32. Kh1 Nf5 33. Ba6 Rcxc7 34. Bxb7 Rxb7 35. Bd2 Bd4 36. Rc2 Kf7 37. g4 Nd6 38. Kg2 Nc4 39. Bc3 Bxc3 40. Rxc3 e5 41. Rc2 Ke6 42. Kf3 e4+ 43. Ke2 Ke5 44. f3 exf3+ 45. Kxf3 Rb3+ 46. Kf2 Kf4 47. Kf1 Ne3+ 48. Ke2 Nxc2 0-1


[Site "https://www.chess.com"]

[Event "Titled Tuesday Blitz August 10 2021"]
[White "Korchmar, Vasiliy"]
[Black "Ibarra Jerez, Jose Carlos"]
[WhiteFideId "24131750"]
[BlackFideId "2226332"]
[WhiteElo "2370"]
[BlackElo "2602"]
[Result "0-1"]
[Round "10"]
[TimeControl "180+1"]
[Date "2021.08.10"]
[WhiteClock "0:00:01"]
[BlackClock "0:00:15"]

1. e4 c5 2. Nf3 e6 3. d4 cxd4 4. Nxd4 Bc5 5. Nb3 Bb6 6. Qg4 Nf6 7. Qh4 Nc6 8. Bd3 Ne5 9. O-O h6 10. Nc3 O-O 11. Qg3 Ng6 12. Be3 d6 13. Rad1 Nh5 14. Qf3 Bxe3 15. Qxe3 Nhf4 16. g3 Nh3+ 17. Kg2 e5 18. Be2 Ng5 19. Kg1 Bh3 20. Rfe1 a6 21. f4 Nh7 22. f5 Ne7 23. Rd2 Ng5 24. Red1 Qc7 25. Rxd6 Bxf5 26. exf5 Nxf5 27. Qb6 Qc8 28. Bg4 h5 29. Bxf5 Qxf5 30. Rf1 Qxc2 31. Rd2 Qh7 32. Qxb7 h4 33. Qg2 Rad8 34. Rxd8 Rxd8 35. gxh4 Qxh4 36. Nc5 Qd4+ 0-1


[Site "https://www.chess.com"]

[Event "Titled Tuesday Blitz August 10 2021"]
[White "Kovalev, Egor"]
[Black "Sychev, Klementy"]
[WhiteFideId "24124117"]
[BlackFideId "4114060"]
[WhiteElo "2253"]
[BlackElo "2615"]
[Result "1/2-1/2"]
[Round "10"]
[TimeControl "180+1"]
[Date "2021.08.10"]
[WhiteClock "0:00:07"]
[BlackClock "0:00:08"]

1. e4 c5 2. Nf3 d6 3. d4 cxd4 4. Nxd4 Nf6 5. Nc3 g6 6. f3 Bg7 7. Be3 O-O 8. Bc4 Nc6 9. Bb3 Bd7 10. Qd2 Nxd4 11. Bxd4 b5 12. a4 bxa4 13. Bxa4 Bxa4 14. Rxa4 Qb8 15. O-O Rc8 16. Rfa1 a5 17. Ne2 Qc7 18. Bc3 Nd7 19. Rxa5 Bxc3 20. Qxc3 Qb6+ 21. Kf1 Rab8 22. Qd4 Qxb2 23. Qxb2 Rxb2 24. Ra8 Rxc2 25. Rxc8+ Rxc8 26. Ra7 Rd8 27. Nd4 Kf8 28. Nc6 Rc8 29. Rxd7 Rxc6 30. Kf2 g5 31. Kg3 Rc2 32. h4 gxh4+ 33. Kh3 Rd2 34. Rc7 e6 35. Rd7 Kg7 36. Kxh4 Rxg2 37. Rxd6 Kf6 38. f4 Re2 39. e5+ Kf5 40. Rd7 Kxf4 41. Rxf7+ Kxe5 42. Kg3 Re3+ 43. Kg2 Re4 44. Rxh7 Rf4 45. Rd7 Ke4 46. Ra7 e5 47. Ra4+ Kd5 48. Rxf4 exf4 49. Kf3 Ke5 50. Kf2 Ke4 51. Ke2 f3+ 52. Kf2 Kf4 53. Kf1 Ke3 54. Ke1 Ke4 55. Kf2 Kf4 56. Kf1 Kg4 57. Kf2 Kf4 1/2-1/2


[Site "https://www.chess.com"]